 Dungeon Crawl Stone Soup version 0.21.1-1-g345015fe64 (webtiles) character file.

949 Lavandula the Cleaver (level 7, 0/57 HPs)
             Began as a Centaur Berserker on June 6, 2018.
             Was a Believer of Trog.
             Slain by a centaur
             ... wielding a +2 scythe of freezing
              (1 damage)
             ... on level 5 of the Dungeon on June 7, 2018.
             The game lasted 00:11:46 (1191 turns).

Lavandula the Cleaver (Centaur Berserker)           Turns: 1191, Time: 00:11:47

Health: 0/57       AC:  9    Str: 25    XL:     7   Next: 89%
Magic:  7/7        EV:  9    Int:  6    God:    Trog [**....]
Gold:   123        SH:  0    Dex:  8    Spells: 6/6 levels left

rFire    . . .     SeeInvis .   k - +2 quarterstaff (chaos)
rCold    . . .     Gourm    .   (shield currently unavailable)
rNeg     . . .     Faith    .   x - +4 robe of the Loofah {rElec Str+3}
rPois    .         Spirit   .   (no helmet)
rElec    +         Reflect  .   l - +0 cloak
rCorr    .         Harm     .   (no gloves)
MR       .....                  (no barding)
Stlth    +.........             (no amulet)
HPRegen  0.19/turn              (no ring)
MPRegen  0.10/turn              (no ring)

@: marked, very quick
A: large, hooves 3, deformed body, speed 2, tough skin 3
a: Berserk, Trog's Hand, Burn Spellbooks, Renounce Religion


You were on level 5 of the Dungeon.
You worshipped Trog.
Trog was pleased with you.
You were not hungry.

You visited 1 branch of the dungeon, and saw 5 of its levels.

You collected 123 gold pieces.

Inventory:

Hand Weapons
 a - a +0 hand axe
 k - a +2 quarterstaff of chaos (weapon)
 q - a +0 blowgun
 w - a +0 shortbow
Missiles
 d - 77 arrows
Armour
 b - a +0 animal skin
 l - a +0 cloak (worn)
 p - a +0 ring mail
 x - the +4 robe of the Loofah (worn) {rElec Str+3}
   (You found it on level 5 of the Dungeon)

   It affects your strength (+3).
   It insulates you from electricity.
Magical Staves
 y - an uncursed staff of death {unknown}
Wands
 j - a wand of digging (6)
 s - a wand of scattershot (3)
Scrolls
 e - 5 scrolls of remove curse {unknown}
 f - a scroll of magic mapping {unknown}
 g - 2 scrolls of identify {unknown}
 i - a scroll of amnesia {unknown}
 n - 2 scrolls of immolation {unknown}
 o - 2 scrolls of fear {unknown}
 r - a scroll of blinking {unknown}
 t - 2 scrolls of teleportation {unknown}
Potions
 h - a potion of agility
 m - a potion of heal wounds {unknown}
 v - 2 potions of curing
Comestibles
 c - 5 rations
 u - 3 chunks of flesh


   Skills:
 - Level 3.0 Fighting
 + Level 8.1 Axes
 - Level 3.0 Staves
 - Level 1.3 Armour
 - Level 1.3 Dodging


You had 6 spell levels left.
You didn't know any spells.

Dungeon Overview and Level Annotations

Branches:
Dungeon (5/15)
 Temple: D:4-7

Altars:
Cheibriados
Hepliaklqana
Kikubaaqudgha
Nemelex Xobeh
Okawaru
Xom


Innate Abilities, Weirdness & Mutations

You have hooves in place of feet.
Armour fits poorly on your strangely shaped body.
You cover ground very quickly.
You have extremely tough skin. (AC +3)


Message History

The centaur unwields an uncursed scythe of freezing.
The centaur wields a shortbow.
The centaur shoots an arrow.
The arrow hits you!
You closely miss the jackal. The jackal bites you.
The jackal bites you but does no damage.
You closely miss the jackal. Your kick misses the jackal.
The jackal bites you but does no damage.
You sock the jackal!
You kill the jackal!
Trog accepts your kill.
The centaur shoots an arrow.
The arrow hits you.
The centaur shoots an arrow.
The arrow hits you!
* * * LOW HITPOINT WARNING * * *
An ogre comes into view. It is wielding a giant spiked club.
The centaur unwields an uncursed shortbow.
The centaur wields an uncursed scythe of freezing.
It glows with a cold blue light!
The centaur hits you with an uncursed scythe of freezing.
* * * LOW HITPOINT WARNING * * *
The centaur freezes you.
You die...

######### #.......##
#.(...#..##
########.....≈≈.≈≈
##............≈#'#
##.######.....≈#_# ####
..†...........≈#@#≈...#
..............≈§c≈≈#
..........#'#O..h..#
####......# #......# .
........# #......#
####.....## #......# .
......# ........# # ###
########)# .#


You could see an ogre, a centaur and a jackal.

Vanquished Creatures
  An ice beast (D:3)
  A phantom (D:5)
  2 centaurs (D:5)
  3 ogres
  2 scorpions (D:4)
  A hound (D:5)
  Crazy Yiuf (D:2)
  2 orc wizards (D:5)
  A centaur skeleton (D:4)
  A killer bee zombie (D:5)
  5 adders
  2 worms
  2 dart slugs
  A leopard gecko (D:3)
  5 orcs
  2 bats
  A giant cockroach (D:3)
  2 goblins
  4 hobgoblins
  A jackal (D:5)
  A quokka (D:2)
  2 ball pythons
  2 frilled lizards
  8 kobolds
  A rat (D:3)
54 creatures vanquished.

Vanquished Creatures (others)
  11 toadstools (D:2)
11 creatures vanquished.

Grand Total: 65 creatures vanquished

Notes
Turn   | Place    | Note
-------+----------+-------------------------------------------
     0 | D:1      | Lavandula the Centaur Berserker began the quest for the Orb.
     0 | D:1      | Reached XP level 1. HP: 19/19 MP: 1/1
    50 | D:1      | Reached skill level 3 in Axes
   159 | D:1      | Reached XP level 2. HP: 26/26 MP: 2/2
   189 | D:1      | You fall through a shaft!
   203 | D:2      | Reached XP level 3. HP: 31/31 MP: 3/3
   264 | D:2      | Reached skill level 4 in Axes
   284 | D:2      | Found a runed door.
   288 | D:2      | Noticed Crazy Yiuf
   293 | D:2      | Killed Crazy Yiuf
   328 | D:2      | Reached XP level 4. HP: 38/38 MP: 4/4
   386 | D:3      | Noticed an ice beast
   392 | D:3      | Killed an ice beast
   392 | D:3      | Reached skill level 5 in Axes
   392 | D:3      | Reached XP level 5. HP: 43/45 MP: 5/5
   506 | D:3      | Found a shimmering altar of Xom.
   510 | D:3      | Reached ** piety under Trog
   538 | D:3      | Found a snail-covered altar of Cheibriados.
   736 | D:4      | Noticed an ogre
   754 | D:4      | Found a sparkling altar of Nemelex Xobeh.
   763 | D:4      | Killed an ogre
   763 | D:4      | Reached skill level 6 in Axes
   763 | D:4      | Reached XP level 6. HP: 51/51 MP: 6/6
   820 | D:4      | Found an iron altar of Okawaru.
   888 | D:4      | Reached skill level 7 in Axes
   917 | D:4      | Found a hazy altar of Hepliaklqana.
   980 | D:5      | Entered Level 5 of the Dungeon
  1001 | D:5      | Reached XP level 7. HP: 57/57 MP: 7/7
  1027 | D:5      | Reached skill level 1 in Staves
  1044 | D:5      | Got a tattered robe
  1055 | D:5      | Identified the +4 robe of the Loofah {rElec Str+3} (You found it on level 5 of the Dungeon)
  1101 | D:5      | Reached skill level 8 in Axes
  1167 | D:5      | Found an ancient bone altar of Kikubaaqudgha.
  1191 | D:5      | HP: 1/57 [centaur/uncursed scythe of freezing (5)]
  1191 | D:5      | Slain by a centaur

Skill      XL: |  1  2  3  4  5  6  7 |
---------------+----------------------+-----
Axes           | 3 4 5 6 7 8 |  8.1
Staves         | 3 |  3.0
Fighting       | |  3.0
Armour         | |  1.3
Dodging        | |  1.3

Action                   |  1- 3 |  4- 6 |  7- 9 || total
-------------------------+-------+-------+-------++-------
Melee: Hand axe          |    45 |     4 |       ||    49
       Kick              |     8 |    11 |     5 ||    24
       Quarterstaff      |     1 |    49 |    41 ||    91
Invok: Berserk           |     2 |     3 |     1 ||     6
       Trog's Hand       |       |     2 |       ||     2
Evoke: Wand              |       |     1 |       ||     1
  Use: Potion            |       |     2 |       ||     2
  Eat: Chunk             |       |     5 |     1 ||     6
Armor: Animal skin       |    18 |     5 |       ||    23
       Ring mail         |       |     9 |     1 ||    10
       Robe              |       |       |    20 ||    20
Dodge: Dodged            |    21 |    30 |    20 ||    71
